 Dungeon Crawl Stone Soup version 0.18.1-48-g4cf74bf (webtiles) character file.

5434 poirepourri the Cleaver (level 10, 0/95 HPs)
             Began as a Minotaur Fighter on July 6, 2016.
             Was a Priest of Makhleb.
             Killed by the air
             ... invoked by Gastronok
              (19 damage)
             ... on level 9 of the Dungeon.
             The game lasted 00:10:36 (8396 turns).

poirepourri the Cleaver (Minotaur Fighter)          Turns: 8396, Time: 00:10:37

Health: 0/95       AC: 10    Str: 23    XL:     10   Next: 41%
Magic:  9/9        EV:  9    Int:  5    God:    Makhleb [***...]
Gold:   49         SH: 11    Dex: 11    Spells: 0 memorised, 9 levels left

rFire  . . .     SeeInvis .     a - +0 war axe
rCold  . . .     Gourm    +     z - +0 scale mail
rNeg   . . .     Faith    .     c - +1 shield
rPois  .         Spirit   .     (helmet restricted)
rElec  .         Dismiss  .     r - +1 cloak
rCorr  .         Reflect  .     s - +0 pair of gloves
SustAt .         Harm     .     (no boots)
MR     .....                    j - amulet of the gourmand
Stlth  +.........               (no ring)
                                (no ring)

@: slowed, very slow, not resistant to hostile enchantments, very unstealthy
A: retaliatory headbutt, horns 2
a: Minor Destruction, Lesser Servant of Makhleb, Renounce Religion


You were on level 9 of the Dungeon.
You worshipped Makhleb.
Makhleb was most pleased with you.
You were hungry.

You visited 2 branches of the dungeon, and saw 10 of its levels.

You collected 433 gold pieces.
You spent 384 gold pieces at shops.

Inventory:

Hand Weapons
 a - a +0 war axe (weapon)
 b - a +5 hand crossbow of velocity
Missiles
 i - 30 bolts
Armour
 c - a +1 shield (worn)
 r - a +1 cloak (worn)
 s - a +0 pair of gloves (worn)
 z - a +0 scale mail (worn)
Jewellery
 j - an amulet of the gourmand (around neck)
 G - an uncursed amulet of magic regeneration {unknown}
 H - the ring of the Spinneret {+Inv EV+4 Dex+2, unknown}
   (You found it on level 9 of the Dungeon)

   [ring of evasion]

   It affects your evasion (+4).
   It affects your dexterity (+2).
   It lets you turn invisible.
Wands
 e - a wand of digging (7/24)
 o - a wand of disintegration (12/24)
 p - a wand of polymorph (9/24)
 A - a wand of flame (20/48)
 F - a wand of iceblast (10/15)
Scrolls
 h - a scroll of magic mapping
 l - a scroll of fog
 q - 6 scrolls of remove curse
 w - 5 scrolls of identify
 y - 2 scrolls of enchant weapon {unknown}
 B - a scroll of enchant armour
Potions
 d - 5 potions of degeneration {unknown}
 g - a potion of haste
 k - a potion of agility {unknown}
 m - 2 potions of mutation
 n - a potion of heal wounds
 t - a potion of curing
 v - a potion of brilliance
 E - a potion of ambrosia {unknown}
Comestibles
 f - 5 bread rations
 x - 9 fruits
 C - 3 slices of pizza
 D - a royal jelly
 I - a meat ration


   Skills:
 + Level 11.0 Fighting
 + Level 12.0 Axes
 + Level 2.3 Crossbows
 + Level 5.4 Armour
 + Level 3.7 Dodging
 + Level 3.6 Stealth
 + Level 5.7 Shields


You had 9 spell levels left.
You didn't know any spells.

Dungeon Overview and Level Annotations

Branches:
Dungeon (9/15)             Temple (1/1) D:5
   Lair: D:8-11         Orc: D:9-12

Altars:
Ashenzari
Cheibriados
Dithmenos
Elyvilon
Gozag
Kikubaaqudgha
Makhleb
Nemelex Xobeh
Okawaru
Pakellas
Qazlal
Ru
Sif Muna
Trog
Vehumet
Xom
Zin
The Shining One

Shops:
D:4 (   D:8 %(

Annotations:
D:9 Gastronok


Innate Abilities, Weirdness & Mutations

You reflexively headbutt those who attack you in melee.
You have a pair of horns on your head.


Message History

You hit Gastronok.
Gastronok is heavily wounded.
Your shield and scale mail prevent you from hitting the howler monkey.
The howler monkey is severely wounded.
The howler monkey barely misses you. You block the howler monkey's attack.
Gastronok's eyestalks wobble, almost dislodging his wizard hat.
Gastronok waves his eye-stalks in wide circles.
The air twists around and strikes you!
* * * LOW HITPOINT WARNING * * *
The howler monkey hoots and howls with incredible vigour!
You hear a shout!
You hear a bellow! x2; You hear an angry buzzing noise. x2
You slash Gastronok!
You headbutt Gastronok, but do no damage.
Gastronok is severely wounded.
You hit the howler monkey.
The howler monkey is almost dead.
You block the howler monkey's attack. x2
Gastronok waves his eye-stalks in wide circles.
The air twists around and strikes you!
You die...

....##
...#.......##
...##
....##.......#
..## .....
##......# ..#
..... #......#
.## .....
##.....# ##
##....## #
##.§.§..## #
#..§§§...## #
##..§@§§§§.## #
#..§§wh§§...#
.....
#..§§§§§§§..#
#....
#..§§.§§§.....
.....
#.............#
....
#.............#
...
#..............
...
.......(.......
.)......(..####


You could see Gastronok and a howler monkey.

Vanquished Creatures
  The ghost of TBriggs11TB the Cleaver, a novice DDFi (D:7)
  A gargoyle (D:5)
  2 hungry ghosts
  Grum (D:8)
  A water moccasin (D:5)
  An ice beast (D:6)
  2 sky beasts
  An orc warrior (D:5)
  2 black bears
  4 phantoms
  4 ogres
  2 wolves (D:8)
  An eye of draining (D:9)
  A centaur (D:6)
  A big kobold (D:8)
  A gnoll sergeant (D:8)
  4 giant frogs
  5 scorpions
  15 killer bees
  A crimson imp (D:5)
  2 hounds
  A gnoll shaman (D:5)
  4 jellies (D:8)
  An orc priest (D:7)
  9 orc wizards
  A giant frog skeleton (D:5)
  An iron imp (D:6)
  5 iguanas
  4 worker ants
  A hound zombie (D:8)
  3 worker ant zombies
  10 gnolls
  7 adders
  2 shadow imps (D:6)
  An adder zombie (D:5)
  A worm (D:3)
  2 dart slugs
  4 giant geckos
  29 orcs
  4 giant cockroaches
  17 goblins
  8 hobgoblins
  7 jackals
  10 kobolds
  4 quokkas
  A ball python (D:2)
  A bat (D:1)
  2 giant newts
  A jackal skeleton (D:4)
  7 rats
201 creatures vanquished.

Vanquished Creatures (others)
  A wight (D:9)
  An orc wizard (D:9)
  2 iguanas (D:9)
  A gnoll (D:9)
5 creatures vanquished.

Grand Total: 206 creatures vanquished

Notes
Turn   | Place    | Note
--------------------------------------------------------------
     0 | D:1      | poirepourri the Minotaur Fighter began the quest for the Orb.
     0 | D:1      | Reached XP level 1. HP: 19/19 MP: 0/0
    67 | D:1      | Reached XP level 2. HP: 20/27 MP: 1/1
   471 | D:1      | Reached XP level 3. HP: 25/34 MP: 2/2
  1022 | D:2      | Reached skill level 1 in Dodging
  1094 | D:2      | Found an oddly glowing altar of Pakellas.
  1122 | D:2      | Reached XP level 4. HP: 32/41 MP: 3/3
  1335 | D:3      | Reached skill level 3 in Axes
  1552 | D:3      | Found a faded altar to an unknown god.
  1618 | D:3      | Found an iron altar of Okawaru.
  1870 | D:4      | Found Cuschuse's Weapon Boutique.
  1887 | D:4      | Reached XP level 5. HP: 43/47 MP: 4/4
  1919 | D:4      | Reached skill level 5 in Shields
  2116 | D:4      | Noticed a phantom
  2143 | D:4      | Killed a phantom
  2143 | D:4      | Reached skill level 4 in Axes
  2143 | D:4      | Reached XP level 6. HP: 27/55 MP: 5/5
  2884 | D:4      | Reached skill level 5 in Fighting
  2884 | D:4      | Reached skill level 5 in Armour
  2884 | D:4      | Reached XP level 7. HP: 38/61 MP: 6/6
  3146 | D:5      | Entered Level 5 of the Dungeon
  3208 | D:5      | Reached skill level 5 in Axes
  3315 | D:5      | Found a staircase to the Ecumenical Temple.
  3331 | Temple   | Entered the Ecumenical Temple
  3400 | Temple   | Became a worshipper of Makhleb the Destroyer
  3432 | D:5      | Reached skill level 1 in Stealth
  3569 | D:5      | Reached skill level 6 in Axes
  3582 | D:5      | Found a shadowy altar of Dithmenos.
  3770 | D:5      | Reached * piety under Makhleb
  3814 | D:5      | Found an oddly glowing altar of Pakellas.
  3828 | D:5      | Reached XP level 8. HP: 54/71 MP: 7/7
  4082 | D:5      | Reached skill level 7 in Axes
  4373 | D:5      | Noticed a gargoyle
  4385 | D:5      | Killed a gargoyle
  4666 | D:6      | Found a glowing silver altar of Zin.
  4672 | D:6      | Found a snail-covered altar of Cheibriados.
  4683 | D:6      | Reached skill level 8 in Axes
  4843 | D:6      | Found a sacrificial altar of Ru.
  5034 | D:6      | Found an opulent altar of Gozag.
  5113 | D:6      | Reached ** piety under Makhleb
  5235 | D:6      | Reached skill level 9 in Axes
  5316 | D:6      | Reached XP level 9. HP: 82/82 MP: 8/8
  5849 | D:7      | Found a radiant altar of Vehumet.
  5867 | D:7      | Reached skill level 10 in Axes
  5972 | D:7      | Noticed TBriggs11TB's ghost (novice DDFi)
  5993 | D:7      | Killed TBriggs11TB's ghost
  6341 | D:7      | Reached skill level 10 in Fighting
  6341 | D:7      | Reached skill level 11 in Axes
  6584 | D:8      | Found a shattered altar of Ashenzari.
  6611 | D:8      | Found Yvyo's Antique Weapon Boutique.
  6619 | D:8      | Bought a glowing hand crossbow for 77 gold pieces
  6737 | D:8      | Reached *** piety under Makhleb
  6744 | D:8      | Reached XP level 10. HP: 47/93 MP: 9/9
  6758 | D:8      | Found Zougot's Food Emporium.
  6761 | D:8      | Bought a bread ration for 55 gold pieces
  6761 | D:8      | Bought a bread ration for 55 gold pieces
  6761 | D:8      | Bought a slice of pizza for 16 gold pieces
  6761 | D:8      | Bought a bread ration for 55 gold pieces
  6761 | D:8      | Bought 2 slices of pizza for 33 gold pieces
  6761 | D:8      | Bought a bread ration for 55 gold pieces
  6761 | D:8      | Bought a royal jelly for 22 gold pieces
  6761 | D:8      | Bought a beef jerky for 16 gold pieces
  6835 | D:8      | Noticed Grum
  6850 | D:8      | Killed Grum
  7327 | D:8      | Reached skill level 1 in Crossbows
  8224 | D:9      | Reached skill level 12 in Axes
  8258 | D:9      | Found a shimmering altar of Xom.
  8369 | D:9      | Got a coiled lapis lazuli ring
  8372 | D:9      | Noticed Gastronok
  8396 | D:9      | Killed from afar by Gastronok

Skill      XL: |  1  2  3  4  5  6  7  8  9 10 |
---------------+-------------------------------+-----
Fighting       | 4 5 6 8 10 11 | 11.0
Shields        | 4 5 |  5.7
Dodging        | 1 3 |  3.7
Armour         | 4 5 |  5.4
Axes           | 3 4 6 9 11 12 | 12.0
Stealth        | 1 2 3 |  3.6
Crossbows      | 2 |  2.3

Action                   |  1- 3 |  4- 6 |  7- 9 | 10-12 || total
-------------------------+-------+-------+-------+-------++-------
Melee: War axe           |   102 |   143 |   298 |    92 ||   635
       Headbutt          |    15 |    20 |    59 |    14 ||   108
       Unarmed           |       |       |     1 |       ||     1
 Fire: Hand crossbow     |       |       |       |    41 ||    41
  Use: Scroll            |     1 |    11 |     4 |     2 ||    18
       Potion            |       |     1 |     6 |     3 ||    10
 Stab: Paralysed         |       |       |     2 |       ||     2
  Eat: Meat ration       |       |     2 |       |       ||     2
       Pizza             |       |       |     3 |     1 ||     4
       Beef jerky        |       |       |     1 |     2 ||     3
       Bread ration      |       |       |     2 |     1 ||     3
Armor: Scale mail        |    53 |    58 |   108 |    33 ||   252
Dodge: Dodged            |    32 |    49 |   127 |    50 ||   258
Block: Shield            |    55 |    84 |   187 |    91 ||   417
